 Dungeon Crawl Stone Soup version 0.21.1-1-g345015f (webtiles) character file.

1316 tidbits the Insei (level 8, -10/60 HPs)
             Began as a Gnoll Transmuter on Feb 14, 2018.
             Killed by divine providence
             ... invoked by an orc priest
              (16 damage)
             ... on level 6 of the Dungeon.
             The game lasted 00:14:05 (1578 turns).

tidbits the Insei (Gnoll Transmuter)                Turns: 1578, Time: 00:14:06

Health: -10/60     AC:  7    Str: 12 (13) XL:     8   Next: 59%
Magic:  17/17      EV: 15    Int: 15 (17) God:
Gold:   107        SH:  5    Dex: 15 (16) Spells: 13/19 levels left

rFire    + . .     SeeInvis +     - Unarmed
rCold    + . .     Gourm    .   (no shield)
rNeg     . . .     Faith    .   B - +2 leather armour {rC+}
rPois    .         Spirit   .   (no helmet)
rElec    .         Reflect  +   (no cloak)
rCorr    .         Harm     .   G - +0 pair of gloves
MR       .....                  F - +0 pair of boots
Stlth    ++........             q - +5 amulet of reflection
HPRegen  0.20/turn              I - ring of see invisible
MPRegen  0.15/turn              e - ring of protection from fire

@: no status effects
A: distributed training, fangs 1, strong nose
a: no special abilities


You were on level 6 of the Dungeon.
You were not hungry.

You visited 1 branch of the dungeon, and saw 7 of its levels.

You collected 107 gold pieces.

Inventory:

Hand Weapons
 g - a +0 great sword
 h - a +0 dagger
 n - a +0 flail of crushing
   (You took it off an orc priest on level 3 of the Dungeon)
 o - a +0 war axe
 v - a +0 war axe
Missiles
 a - 12 arrows
Armour
 b - a +0 robe
 B - a +2 leather armour of cold resistance (worn)
   (You found it on level 1 of the Dungeon)
 F - a +0 pair of boots (worn)
 G - a +0 pair of gloves (worn)
Jewellery
 e - a ring of protection from fire (right hand)
   (You took it off Ijyb on level 3 of the Dungeon)
 i - an uncursed ring of ice
   (You found it on level 5 of the Dungeon)
 p - an uncursed ring of protection from cold
   (You found it on level 3 of the Dungeon)
 q - a +5 amulet of reflection (around neck)
   (You found it on level 5 of the Dungeon)
 I - a ring of see invisible (left hand)
   (You found it on level 1 of the Dungeon)
Wands
 k - a wand of paralysis (12)
Scrolls
 f - a scroll of fear
 j - 2 scrolls of fog {unknown}
 l - a scroll of teleportation
 r - a scroll of remove curse
 s - 2 scrolls of amnesia
 x - a scroll of enchant weapon {unknown}
Potions
 m - a potion of curing
 w - 2 potions of agility
 z - a potion of haste
Books
 d - a book of Changes

   Spells                             Type                      Level
   a - Beastly Appendage              Transmutation                1
   b - Sticks to Snakes               Transmutation                2
   c - Spider Form                    Transmutation/Poison         3
   d - Ice Form                       Ice/Transmutation            4
   e - Blade Hands                    Transmutation                5
Comestibles
 c - 10 rations


   Skills:
 + Level 4.2 Fighting
 + Level 3.3 Short Blades
 + Level 3.3 Long Blades
 + Level 3.3 Axes
 + Level 3.3 Maces & Flails
 + Level 3.3 Polearms
 + Level 3.3 Staves
 + Level 3.3 Slings
 + Level 3.3 Bows
 + Level 3.3 Crossbows
 + Level 3.3 Throwing
 + Level 3.3 Armour
 + Level 5.7 Dodging
 + Level 3.3 Stealth
 + Level 3.3 Shields
 + Level 7.4 Unarmed Combat
 + Level 6.1 Spellcasting
 + Level 2.7 Conjurations
 + Level 2.7 Hexes
 + Level 2.7 Charms
 + Level 2.7 Summonings
 + Level 2.7 Necromancy
 + Level 2.7 Translocations
 + Level 4.7 Transmutations
 + Level 2.7 Fire Magic
 + Level 2.7 Ice Magic
 + Level 2.7 Air Magic
 + Level 2.7 Earth Magic
 + Level 2.7 Poison Magic
 + Level 3.6 Invocations
 + Level 3.3 Evocations


You had 13 spell levels left.
You knew the following spells:

 Your Spells              Type           Power        Failure   Level  Hunger
e - Beastly Appendage     Tmut           ###...       2%          1    None
k - Sticks to Snakes      Tmut           ###.....     4%          2    #......
p - Spider Form           Tmut/Pois      ###.......   12%         3    ##.....


Dungeon Overview and Level Annotations

Branches:
Dungeon (7/15)
 Temple: D:4-7

Altars:
Qazlal


Innate Abilities, Weirdness & Mutations

Your experience applies equally to all skills.
You have very sharp teeth.
Your uncanny sense of smell can sniff out nearby items.


Message History

Evoke which item? (* to show all) (? for menu, Esc to quit)
Okay, then.
Casting: Spider Form
Confirm with . or Enter, or press ? or * to list all spells.
You turn into a venomous arachnid creature.
Your +0 pair of gloves melds into your body.
Your +0 pair of boots melds into your body.
Your +2 leather armour of cold resistance melds into your body.
You feel less resistant to cold. The adder barely misses you.
You closely miss the adder. The adder closely misses you.
You barely miss the adder. The adder misses you.
A leopard gecko comes into view.
You bite the adder!
You kill the adder!
The leopard gecko moves out of view.
You hit the rat.
You kill the rat!
The rat's corpse disappears in a puff of smoke!
The white imp gestures at you. The puff of frost hits you!
* * * LOW HITPOINT WARNING * * *
Eustachio casts a spell.
An orc wizard comes into view. It is wielding a spear.
You feel better. The white imp gestures at you. The puff of frost misses you.
You bite Eustachio!
Eustachio is moderately wounded.
Eustachio misses you.
An orc and an orc priest come into view.
You bite Eustachio!
Eustachio is poisoned.
Eustachio is heavily wounded.
The orc priest begins to cast a cantrip, but forgets the words!
You bite Eustachio!
Eustachio looks as sick as possible!
Eustachio is severely wounded.
Eustachio mumbles some strange words.
Eustachio blinks!
You bite the quokka!
You kill the quokka!
The quokka's corpse disappears in a puff of smoke!
The white imp disappears in a puff of smoke!
Eustachio casts a spell.
Eustachio blinks!
The orc priest looks encouraged for a moment.
You hit the ufetubus but do no damage. The ufetubus completely misses you. x2
Unknown command.
Evoke which item? (* to show all) (? for menu, Esc to quit)
Okay, then.
You hit the ufetubus but do no damage.
The ufetubus is poisoned.
You block the ufetubus's attack. The ufetubus closely misses you.
Your transformation is almost over.
The shadow imp lashes its tail.
You block the ufetubus's attack. The ufetubus hits you.
* * * LOW HITPOINT WARNING * * *
A giant cockroach zombie comes into view.
Eustachio casts a spell.
Eustachio blinks!
You hit the rat.
You kill the rat!
The rat's corpse disappears in a puff of smoke!
You block the ufetubus's attack. The ufetubus closely misses you.
The ufetubus hits you.
* * * LOW HITPOINT WARNING * * *
The ufetubus barely misses you.
You hit the ufetubus.
The ufetubus looks as sick as possible!
The ufetubus is severely wounded.
You kill the ufetubus!
You hit the leopard gecko.
The leopard gecko is poisoned.
The leopard gecko is heavily wounded.
You kill Eustachio!
You feel your dexterity returning.
The leopard gecko completely misses you.
You bite the leopard gecko!
You kill the leopard gecko!
You bite the giant cockroach zombie!
The giant cockroach zombie is severely damaged.
You block the giant cockroach zombie's attack.
You hit the giant cockroach zombie.
You destroy the giant cockroach zombie!
The sentinel's mark upon you fades away.
You barely miss the orc priest. The orc priest misses you.
The orc wizard hits you from afar with a spear.
* * * LOW HITPOINT WARNING * * *
You hit the orc priest but do no damage.
The orc priest is poisoned.
The orc priest invokes the aid of Beogh against you.
Beogh smites you!
* * * LOW HITPOINT WARNING * * *
You hit the orc priest but do no damage.
Your transformation has ended.
Your +0 pair of gloves unmelds from your body.
Your +0 pair of boots unmelds from your body.
Your +2 leather armour of cold resistance unmelds from your body.
You feel resistant to cold. The orc wizard closely misses you.
The orc priest barely misses you. Magic courses through your body.
The orc wizard hits you but does no damage.
The orc priest invokes the aid of Beogh against you.
Beogh smites you!
You die...

#..............#
#..............#
#..............#
#..............##
#######.........)....#
...................#..
.......##..####..o.#
.......##..# ##.#.#
##.....##..# #@#l###.#∆
##.....#...#####o#.r...#
....##..........$....#...#
#.#####.###...#.####oo...#
#.# #.# #.....######....
#.## #.# ##........# ...#
...####.####.>......# ..#
........##...#......## .#
###..................#


You could see an orc priest and an orc wizard.

Vanquished Creatures
  The ghost of Serooblart the Fighter, a novice MiBe of Trog (D:5)
  Eustachio (D:6)
  A phantom (D:4)
  A centaur (D:5)
  A bullfrog (D:6)
  A howler monkey (D:4)
  A bullfrog skeleton (D:6)
  3 orc wizards
  2 orc priests
  A jelly (D:5)
  An iguana (D:4)
  3 worker ants
  Ijyb (D:3)
  3 gnolls (D:5)
  3 adders
  2 oozes (D:3)
  An adder skeleton (D:4)
  A worm (D:4)
  A dart slug (D:3)
  6 leopard geckos
  12 orcs
  5 bats
  2 giant cockroaches
  5 hobgoblins
  4 kobolds
  A quokka (D:4)
  3 frilled lizards
  A giant cockroach zombie (D:6)
  5 goblins
  A leopard gecko zombie (D:5)
  8 rats
82 creatures vanquished.

Vanquished Creatures (collateral kills)
  A water moccasin zombie (D:4)
  An orc wizard (D:5)
  Jessica (D:3)
  A gnoll (D:5)
  An adder (D:3)
5 creatures vanquished.

Grand Total: 87 creatures vanquished

Notes
Turn   | Place    | Note
-------+----------+-------------------------------------------
     0 | D:1      | tidbits the Gnoll Transmuter began the quest for the Orb.
     0 | D:1      | Reached XP level 1. HP: 17/17 MP: 6/6
   145 | D:1      | Reached XP level 2. HP: 20/23 MP: 7/7
   160 | D:1      | Learned a level 2 spell: Sticks to Snakes
   262 | D:3      | Reached XP level 3. HP: 28/28 MP: 1/9
   267 | D:3      | Learned a level 3 spell: Spider Form
   272 | D:3      | Reached skill level 5 in Spellcasting
   274 | D:3      | Noticed Jessica
   276 | D:3      | Noticed Ijyb
   288 | D:3      | Reached skill level 1 in Short Blades
   288 | D:3      | Reached skill level 1 in Long Blades
   288 | D:3      | Reached skill level 1 in Axes
   288 | D:3      | Reached skill level 1 in Maces & Flails
   288 | D:3      | Reached skill level 1 in Polearms
   288 | D:3      | Reached skill level 1 in Staves
   288 | D:3      | Reached skill level 1 in Slings
   288 | D:3      | Reached skill level 1 in Bows
   288 | D:3      | Reached skill level 1 in Crossbows
   288 | D:3      | Reached skill level 1 in Throwing
   288 | D:3      | Reached skill level 1 in Armour
   288 | D:3      | Reached skill level 1 in Stealth
   288 | D:3      | Reached skill level 1 in Shields
   288 | D:3      | Reached skill level 1 in Invocations
   288 | D:3      | Reached skill level 1 in Evocations
   295 | D:3      | Reached XP level 4. HP: 23/34 MP: 2/11
   305 | D:3      | Killed Jessica
   312 | D:3      | Reached skill level 1 in Conjurations
   312 | D:3      | Reached skill level 1 in Hexes
   312 | D:3      | Reached skill level 1 in Charms
   312 | D:3      | Reached skill level 1 in Summonings
   312 | D:3      | Reached skill level 1 in Necromancy
   312 | D:3      | Reached skill level 1 in Translocations
   312 | D:3      | Reached skill level 1 in Fire Magic
   312 | D:3      | Reached skill level 1 in Ice Magic
   312 | D:3      | Reached skill level 1 in Air Magic
   312 | D:3      | Reached skill level 1 in Earth Magic
   312 | D:3      | Reached skill level 1 in Poison Magic
   334 | D:3      | Killed Ijyb
   334 | D:3      | Reached XP level 5. HP: 32/40 MP: 0/12
   439 | D:3      | Reached skill level 3 in Fighting
   516 | D:3      | Reached skill level 4 in Transmutations
   673 | D:4      | Reached XP level 6. HP: 47/47 MP: 1/13
   697 | D:4      | Noticed a phantom
   726 | D:4      | Killed a phantom
   726 | D:4      | Reached skill level 2 in Short Blades
   726 | D:4      | Reached skill level 2 in Long Blades
   726 | D:4      | Reached skill level 2 in Axes
   726 | D:4      | Reached skill level 2 in Maces & Flails
   726 | D:4      | Reached skill level 2 in Polearms
   726 | D:4      | Reached skill level 2 in Staves
   726 | D:4      | Reached skill level 2 in Slings
   726 | D:4      | Reached skill level 2 in Bows
   726 | D:4      | Reached skill level 2 in Crossbows
   726 | D:4      | Reached skill level 2 in Throwing
   726 | D:4      | Reached skill level 2 in Armour
   726 | D:4      | Reached skill level 5 in Dodging
   726 | D:4      | Reached skill level 2 in Stealth
   726 | D:4      | Reached skill level 2 in Shields
   726 | D:4      | Reached skill level 2 in Invocations
   726 | D:4      | Reached skill level 2 in Evocations
   761 | D:5      | Entered Level 5 of the Dungeon
   839 | D:4      | Reached XP level 7. HP: 44/52 MP: 6/15
   894 | D:4      | Found a stormy altar of Qazlal.
  1049 | D:5      | Reached skill level 7 in Unarmed Combat
  1218 | D:5      | Noticed Serooblart's ghost (novice MiBe)
  1232 | D:5      | Killed Serooblart's ghost
  1232 | D:5      | Reached skill level 2 in Conjurations
  1232 | D:5      | Reached skill level 2 in Hexes
  1232 | D:5      | Reached skill level 2 in Charms
  1232 | D:5      | Reached skill level 2 in Summonings
  1232 | D:5      | Reached skill level 2 in Necromancy
  1232 | D:5      | Reached skill level 2 in Translocations
  1232 | D:5      | Reached skill level 2 in Fire Magic
  1232 | D:5      | Reached skill level 2 in Ice Magic
  1232 | D:5      | Reached skill level 2 in Air Magic
  1232 | D:5      | Reached skill level 2 in Earth Magic
  1232 | D:5      | Reached skill level 2 in Poison Magic
  1232 | D:5      | Reached skill level 3 in Invocations
  1232 | D:5      | Reached XP level 8. HP: 60/60 MP: 16/16
  1354 | D:5      | Reached skill level 4 in Fighting
  1354 | D:5      | Reached skill level 3 in Short Blades
  1354 | D:5      | Reached skill level 3 in Long Blades
  1354 | D:5      | Reached skill level 3 in Axes
  1354 | D:5      | Reached skill level 3 in Maces & Flails
  1354 | D:5      | Reached skill level 3 in Polearms
  1354 | D:5      | Reached skill level 3 in Staves
  1354 | D:5      | Reached skill level 3 in Slings
  1354 | D:5      | Reached skill level 3 in Bows
  1354 | D:5      | Reached skill level 3 in Crossbows
  1354 | D:5      | Reached skill level 3 in Throwing
  1354 | D:5      | Reached skill level 3 in Armour
  1354 | D:5      | Reached skill level 3 in Stealth
  1354 | D:5      | Reached skill level 3 in Shields
  1354 | D:5      | Reached skill level 3 in Evocations
  1544 | D:6      | Noticed Eustachio
  1551 | D:6      | Reached skill level 6 in Spellcasting
  1570 | D:6      | Killed Eustachio
  1576 | D:6      | HP: 6/60 [orc priest/divine providence (13)]
  1578 | D:6      | Killed from afar by an orc priest

Skill      XL: |  1  2  3  4  5  6  7  8 |
---------------+-------------------------+-----
Spellcasting   | 5 6 |  6.1
Short Blades   | 1 2 3 |  3.3
Long Blades    | 1 2 3 |  3.3
Axes           | 1 2 3 |  3.3
Maces & Flails | 1 2 3 |  3.3
Polearms       | 1 2 3 |  3.3
Staves         | 1 2 3 |  3.3
Slings         | 1 2 3 |  3.3
Bows           | 1 2 3 |  3.3
Crossbows      | 1 2 3 |  3.3
Throwing       | 1 2 3 |  3.3
Armour         | 1 2 3 |  3.3
Stealth        | 1 2 3 |  3.3
Shields        | 1 2 3 |  3.3
Invocations    | 1 2 3 |  3.6
Evocations     | 1 2 3 |  3.3
Conjurations   | 1 2 |  2.7
Hexes          | 1 2 |  2.7
Charms         | 1 2 |  2.7
Summonings     | 1 2 |  2.7
Necromancy     | 1 2 |  2.7
Translocations | 1 2 |  2.7
Fire Magic     | 1 2 |  2.7
Ice Magic      | 1 2 |  2.7
Air Magic      | 1 2 |  2.7
Earth Magic    | 1 2 |  2.7
Poison Magic   | 1 2 |  2.7
Fighting       | 3 4 |  4.2
Transmutations | 4 |  4.7
Dodging        | 5 |  5.7
Unarmed Combat | 7 |  7.4

Action                   |  1- 3 |  4- 6 |  7- 9 || total
-------------------------+-------+-------+-------++-------
Melee: Unarmed           |    41 |    98 |    94 ||   233
       Kick              |     4 |       |       ||     4
       Headbutt          |     3 |       |       ||     3
       Bite              |     1 |     1 |       ||     2
       Punch             |       |       |     1 ||     1
 Cast: Beastly Appendage |    11 |     1 |       ||    12
       Sticks to Snakes  |     3 |     4 |     4 ||    11
       Spider Form       |     1 |    15 |    11 ||    27
  Use: Potion            |       |     2 |     8 ||    10
       Scroll            |       |     4 |     4 ||     8
 Stab: Sleeping          |     1 |       |     1 ||     2
       Distracted        |       |       |     2 ||     2
  Eat: Ration            |       |     1 |       ||     1
       Chunk             |       |       |     1 ||     1
Armor: Leather armour    |     6 |     2 |     2 ||    10
       Skin              |     2 |    11 |     6 ||    19
Dodge: Dodged            |    32 |    56 |    60 ||   148
Block: Other             |       |     6 |    12 ||    18
       Reflection        |       |       |     2 ||     2

Table legend:
 A = Turns spent in this place as a percentage of turns spent in the entire game.
 B = Non-inter-level travel turns spent in this place as a percentage of non-inter-level travel turns spent in the entire game.
 C = Inter-level travel turns spent in this place as a percentage of turns spent in this place.
 D = Turns resting spent in this place as a percentage of non-inter-level travel turns spent in this place.
 E = Turns spent auto-exploring this place as a percentage of non-inter-level travel turns spent in this place.
 F = Non-inter-level travel turns spent in this place divided by the number of levels of this place that you've seen.
                   A       B       C       D       E      F
               +-------+-------+-------+-------+-------+----------------------
         Total | 100.0 | 100.0 |   0.0 |   0.0 |   0.0 | 225.4
       Dungeon | 100.0 | 100.0 |   0.0 |   0.0 |   0.0 | 225.4
               +-------+-------+-------+-------+-------+----------------------

Table legend:
 A = Kills in this place as a percentage of kills in entire the game.
 B = Kills by you in this place as a percentage of kills by you in the entire game.
 C = Kills by friends in this place as a percentage of kills by friends in the entire game.
 D = Other kills in this place as a percentage of other kills in the entire game.
 E = Experience gained in this place as a percentage of experience gained in the entire game.
 F = Experience gained in this place divided by the number of levels of this place that you have seen.
                   A       B       C       D       E      F
               +-------+-------+-------+-------+-------+----------------------
         Total | 100.0 | 100.0 | 100.0 |   N/A | 100.0 | 268.7
       Dungeon | 100.0 | 100.0 | 100.0 |   N/A | 100.0 | 268.7
               +-------+-------+-------+-------+-------+----------------------

Vault maps used:
D:1:      lemuel_arrival_behind_the_door_large, nrook_mini_backslash
D:2:      evilmike_ruin_ashenzari, minitemple, minmay_misc_feat_alley,
          minmay_tiny_reverse_x, uniq_natasha, uniq_crazy_yiuf_cottage,
          uniq_sigmund
D:3:      minmay_three_crescents, uniq_jessica, uniq_ijyb
D:4:      nicolae_qazlal_general_emergency, minmay_small_thing
D:5:      first_ration
D:6:      uniq_eustachio
D:7:      grunt_dithmenos_shadows, minmay_temple_entry_mist, serial_shops, shop,
          lightli_minifort
